 Dungeon Crawl Stone Soup version 0.29.0-15-g675c0067aa (webtiles) character file.

Game seed: 9775718810834584416

12 qw the Sneak (level 2, -1/19 HPs)
             Began as a Gargoyle Delver on Sept 11, 2022.
             Slain by a worm (4 damage)
             ... on level 4 of the Dungeon.
             The game lasted 00:00:08 (342 turns).

qw the Sneak (Gargoyle Delver)                       Turns: 342, Time: 00:00:09

Health: -1/19      AC: 11    Str: 15    XL:     2   Next: 33%
Magic:  2/2        EV:  6    Int: 10    God:
Gold:   32         SH:  0    Dex: 11    Spells: 1/1 levels left

rFire   . . .      SeeInvis .   Y - +0 hand axe
rCold   . . .      Faith    .   (no shield)
rNeg    + . .      Spirit   .   i - +0 chain mail
rPois   inf        Reflect  .   (no helmet)
rElec   +          Harm     .   (no cloak)
rCorr   .          Rampage  .   (no gloves)
Will    .....                   (no boots)
Stlth   ..........              (no amulet)
HPRegen 0.06/turn               (no ring)
MPRegen 0.08/turn               (no ring)

@: no status effects
A: sickness immunity, AC +2, negative energy resistance 1, electricity
resistance, torment resistance 1, petrification resistance
a: no special abilities


You were on level 4 of the Dungeon.
You visited 1 branch of the dungeon, and saw 2 of its levels.

You collected 32 gold pieces.


Innate Abilities, Weirdness & Mutations

You are immune to sickness and miasma.
Your stone body is resilient. (AC +2)
You are immune to poison.
You resist negative energy. (rN+)
You are resistant to electric shocks. (rElec)
You are resistant to unholy torment.
You are immune to petrification.


   Skills:
 - Level 3.2 Fighting
 + Level 2.0 Axes
 - Level 1.7 Armour
 - Level 1.5 Dodging
 - Level 5.4 Stealth


You had one spell level left.
You didn't know any spells.
Your spell library was empty.

Inventory:

Hand Weapons
 c - a +0 mace
 j - a +0 club
 Y - a +0 hand axe (weapon)
Armour
 i - a +0 chain mail (worn)
Wands
 g - a wand of digging (3)
Scrolls
 b - a scroll of vulnerability {unknown}
Potions
 a - 2 potions of degeneration {unknown}
 f - a potion of haste

Dungeon Overview and Level Annotations

Branches:
Dungeon (5/15)
 Temple: D:4-7

Altars:


Message History

The kobold throws a stone.
The stone hits you but does no damage.
The kobold throws a stone.
The stone hits you but does no damage.
You hit the worm but do no damage. You miss the kobold.
The kobold hits you but does no damage. The worm barely misses you.
You barely miss the worm. You hit the kobold.
The kobold hits you but does no damage.
You barely miss the kobold.
The kobold is severely wounded.
You completely miss the worm. The kobold barely misses you. The worm bites you!
You closely miss the kobold.
The kobold is severely wounded.
You hit the worm but do no damage. The kobold hits you but does no damage.
The worm bites you. The kobold hits you but does no damage.
You barely miss the kobold.
The kobold is moderately wounded.
You barely miss the worm. The kobold hits you but does no damage.
The worm bites you.
You closely miss the kobold.
The kobold is moderately wounded.
You hit the worm but do no damage. The kobold hits you but does no damage.
You barely miss the kobold.
The kobold is moderately wounded.
You hit the worm. The kobold hits you but does no damage.
The worm bites you but does no damage.
You closely miss the kobold.
The kobold is moderately wounded.
You hit the worm but do no damage. The kobold hits you but does no damage.
The worm bites you.
You hit the kobold.
The kobold is severely wounded.
You hit the worm. The kobold hits you but does no damage.
The kobold hits you with a +0 whip.
You barely miss the kobold.
The kobold is severely wounded.
You hit the worm but do no damage. The worm bites you.
You die...

... ..# .. #.# .# #.# .#
#.# .. #.# .# #.# .#
#########.####.##..#.
#............@w......
#.#####.......K.#..#.
#.# #.........# #.# .#
#.# #.........# #.# ..#
#.# #.........#
#.##+###... #.#
#.........# #....>.....
#.# #.........#.
#.......... #.#
#.........#.##..........
#.#
###+#..................#


You could see a worm and a kobold.

Vanquished Creatures
  An adder (D:4)
  An orc (D:5)
  A hobgoblin (D:4)
3 creatures vanquished.

Notes
Turn   | Place    | Note
-------+----------+-------------------------------------------
     0 | D:5      | qw the Gargoyle Delver began the quest for the Orb.
     0 | D:5      | Reached XP level 1. HP: 14/14 MP: 1/1
     0 | D:5      | 0 ||| qw: Version: 0.1-a-117-gfe26ee0
     0 | D:5      | 0 ||| qw: Game counter: 9928
     0 | D:5      | 0 ||| qw: Always use a shield: true
     0 | D:5      | 0 ||| qw: God list: Okawaru
     0 | D:5      | 0 ||| qw: Allow faded altars: false
     0 | D:5      | 0 ||| qw: Do Orc after D:15 true
     0 | D:5      | 0 ||| qw: Do second Lair branch before Depths: true
     0 | D:5      | 0 ||| qw: Lair rune preference: random
     0 | D:5      | 0 ||| qw: Plans: Normal
     0 | D:5      | 0 ||| PLANNING D:1-11
   139 | D:5      | 139 ||| UPGRADING to +0 chain mail.
   149 | D:5      | 149 ||| DROPPING +0 leather armour.
   150 | D:5      | 150 ||| READING scroll labelled PURIRO UREAZATAPOG.
   151 | D:5      | 151 ||| DROPPING scroll of fog.
   152 | D:5      | 152 ||| DROPPING scroll of magic mapping.
   153 | D:5      | 153 ||| DROPPING scroll of fear.
   175 | D:4      | 175 ||| Stepping ~*~*~tactically~*~*~ (stealth).
   187 | D:4      | Reached skill level 1 in Armour
   187 | D:4      | Reached XP level 2. HP: 18/19 MP: 2/2
   213 | D:4      | 213 ||| Stepping ~*~*~tactically~*~*~ (stealth).
   340 | D:4      | HP: 4/19 [worm (3)]
   342 | D:4      | Slain by a worm

Levels and vault maps discovered:
D:4:      layout_basic, minmay_fire_ice_demons
D:5:      layout_basic, riverfiend_overflow_shadow_ancestor,
          general_overflow_altar, serial_bayou_ford_a, dilly_guarded_unrand_morg

Skill      XL: |  1 |
---------------+----+-----
Axes           | 2 |  2.0
Armour         | 1 |  1.7
Fighting       | |  3.2
Dodging        | |  1.5
Stealth        | |  5.4

Action                   || total
-------------------------++-------
Melee: Hand axe          ||    27
  Use: Scroll            ||     1
 Stab: Sleeping          ||     1
Armor: Chain mail        ||    28
Dodge: Dodged            ||     8

Table legend:
 A = Non-vault XP
 B = Vault XP
 C = Vault XP percentage of total XP
 D = Non-vault monster count
 E = Vault monster count
 F = Vault count percentage of total count
                 A         B        C        D         E       F
            +---------+---------+-------+---------+---------+-------
      Total |      18 |       0 |   0.0 |       3 |       0 |   0.0
            +---------+---------+-------+---------+---------+-------
        D:4 |      15 |       0 |   0.0 |       2 |       0 |   0.0
        D:5 |       3 |       0 |   0.0 |       1 |       0 |   0.0
            +---------+---------+-------+---------+---------+-------
